AoeStats
← Adags

Black Forest

510358830Analyzed
3v3 RM · 16h ago on Sep 30, 2026· 77m 35s· 6 players
Game mode
Random Map
Map size
Normal (6 player)
Population
200
Speed
Normal
Resources
Standard
Victory
Conquest
Starting age
Dark Age
Ending age
Imperial Age
RankedLock teamsTeams togetherTeam positionsShared explorationLock speedFull tech treeHidden civsTurbo modeCheats
Victory
Defeat
🇪🇸 Teutons · Spain
589
+16
🇪🇸 Mongols · Spain
570
+16
🇨🇳 Vikings · China
551
+17
🇹🇷 Britons · Türkiye
647
-19
🇹🇷 Tatars · Türkiye
552
-15
🇹🇷 Teutons · Türkiye
536
-15
psnb694238
0:28 Loom
14:26 Feudal Age
16:36 Horse Collar
16:46 Double-Bit Axe
16:55 Man-at-Arms
17:22 Arson
18:48 Gold Mining
18:49 Stone Mining
24:28 Castle Age
23:06 Scale Mail Armor
25:45 Fletching
26:07 Forging
25:58 Padded Archer Armor
26:35 Bow Saw
26:28 Heavy Plow
38:03 Imperial Age
35:14 Long Swordsman
35:14 Pikeman
37:33 Gold Shaft Mining
36:22 Crossbowman
36:22 Elite Skirmisher
37:08 Chieftains
38:19 Iron Casting
37:39 Bodkin Arrow
38:00 Chain Mail Armor
39:15 Crop Rotation
39:50 Two-Man Saw
38:15 Two-Handed Swordsman
38:56 Squires
38:20 Arbalester
39:16 Elite Berserk
40:15 Bogsveigar
40:12 Elite Varangian Guard
40:39 Champion
41:13 Onager
46:13 Chemistry
46:19 Blast Furnace
45:20 Bracer
45:51 Plate Mail Armor
45:36 Leather Archer Armor
48:50 Heavy Scorpion
59:03 Ring Archer Armor
59:06 Coinage
67:06 Capped Ram
70:47 Siege Ram
Imper
0:50 Loom
10:10 Feudal Age
10:42 Double-Bit Axe
11:36 Wheelbarrow
12:59 Town Watch
17:54 Horse Collar
24:50 Castle Age
23:19 Scale Barding Armor
23:36 Gold Mining
23:38 Stone Mining
25:43 Town Patrol
26:20 Padded Archer Armor
26:12 Fletching
26:33 Forging
30:45 Caravan
31:03 Heavy Plow
36:52 Imperial Age
35:31 Gold Shaft Mining
36:07 Stone Shaft Mining
36:10 Bow Saw
36:53 Leather Archer Armor
37:19 Fortified Wall
37:30 Ballistics
38:04 Masonry
38:33 Murder Holes
39:45 Iron Casting
39:39 Bodkin Arrow
41:10 Chain Barding Armor
42:23 Chemistry
43:19 Blast Furnace
43:30 Bracer
44:47 Conscription
44:35 Nomads
45:05 Hand Cart
47:49 Scale Mail Armor
47:34 Elite Mangudai
48:10 Capped Ram
51:02 Hoardings
51:05 Siege Ram
64:43 Drill
63:53 Sappers
65:17 Guard Tower
65:33 Siege Engineers
66:02 Coinage
65:50 Chain Mail Armor
68:13 Plate Mail Armor
68:37 Banking
76:10 Devotion
76:11 Atonement
76:21 Fervor
76:07 Herbal Medicine
76:33 Heresy
76:21 Siphons
76:27 Clinker Construction
76:27 Careening
Santino D´Antonio
0:30 Loom
11:24 Feudal Age
14:29 Double-Bit Axe
17:27 Wheelbarrow
18:34 Horse Collar
19:12 Fletching
25:32 Castle Age
24:32 Town Watch
25:32 Stone Mining
25:33 Gold Mining
26:57 Hand Cart
27:57 Bow Saw
29:27 Caravan
30:02 Heavy Plow
32:52 Fortified Wall
34:39 Masonry
35:54 Fervor
36:49 Stone Shaft Mining
36:09 Arson
36:24 Squires
36:57 Heated Shot
37:06 Pikeman
37:31 Gambesons
41:06 Imperial Age
39:05 Town Patrol
40:27 Man-at-Arms
41:08 Bodkin Arrow
41:23 Forging
41:14 Scale Mail Armor
41:19 Scale Barding Armor
41:15 Padded Archer Armor
40:41 Elite Skirmisher
40:42 Crossbowman
41:36 Redemption
43:23 Chemistry
42:44 Ballistics
42:49 Conscription
42:53 Crenellations
43:10 Crop Rotation
43:46 Two-Man Saw
42:27 Halberdier
44:09 Iron Casting
43:49 Chain Mail Armor
44:44 Ironclad
43:47 Elite Teutonic Knight
44:43 Bloodlines
44:21 Cavalier
46:13 Bombard Tower
45:39 Arrowslits
46:19 Onager
46:44 Paladin
47:51 Chain Barding Armor
48:41 Blast Furnace
48:11 Plate Mail Armor
49:47 Plate Barding Armor
49:28 Leather Archer Armor
50:35 Siege Onager
52:25 Siege Engineers
52:38 Block Printing
53:00 Theocracy
52:52 Illumination
52:27 Devotion
52:48 Sanctity
52:29 Atonement
52:50 Heresy
51:55 Capped Ram
55:37 Ring Archer Armor
mandiranoy
0:29 Loom
14:30 Feudal Age
16:48 Double-Bit Axe
24:19 Castle Age
27:19 Scale Barding Armor
27:26 Forging
30:22 Chain Barding Armor
36:16 Husbandry
39:05 Imperial Age
39:10 Iron Casting
41:04 Elite Keshik
43:28 Silk Armor
45:36 Heavy Scorpion
70:59 Elite Steppe Lancer
SmokedMyself
0:26 Loom
10:11 Feudal Age
11:02 Double-Bit Axe
14:00 Horse Collar
14:18 Gold Mining
19:11 Castle Age
20:09 Wheelbarrow
21:04 Wheelbarrow
20:54 Heavy Plow
21:06 Bow Saw
21:44 Wheelbarrow
21:45 Caravan
23:30 Hand Cart
29:23 Gold Shaft Mining
28:38 Stone Mining
28:49 Fletching
29:00 Padded Archer Armor
34:15 Imperial Age
32:03 Bodkin Arrow
32:24 Leather Archer Armor
34:55 Bracer
35:26 Ring Archer Armor
34:26 Elite Longbowman
35:42 Ballistics
36:23 Chemistry
37:23 Fervor
38:07 Yeomen
40:26 Two-Man Saw
39:25 Cavalier
40:51 Husbandry
41:07 Forging
41:03 Scale Barding Armor
52:27 Iron Casting
52:13 Chain Barding Armor
Adags
17:09 Feudal Age
19:20 Horse Collar
19:33 Double-Bit Axe
20:33 Town Watch
23:48 Loom
27:24 Gold Mining
27:26 Stone Mining
30:32 Castle Age
31:32 Heavy Plow
31:31 Pikeman
32:13 Squires
31:59 Arson
31:49 Man-at-Arms
32:15 Gambesons
34:26 Town Patrol
34:18 Long Swordsman
35:49 Bow Saw
42:36 Wheelbarrow
45:33 Imperial Age
44:48 Forging
44:39 Scale Mail Armor
44:30 Fletching
44:41 Padded Archer Armor
44:47 Scale Barding Armor
44:19 Elite Skirmisher
45:40 Elite Teutonic Knight
47:44 Chemistry
47:02 Onager
48:07 Crenellations
48:23 Masonry
48:24 Fortified Wall
48:35 Hand Cart
48:54 Crop Rotation
49:44 Heated Shot
49:27 Halberdier
49:31 Two-Handed Swordsman
53:07 Two-Man Saw
52:33 Champion
53:37 Leather Archer Armor
53:18 Bodkin Arrow
55:22 Ring Archer Armor
55:32 Iron Casting
55:37 Chain Mail Armor
55:43 Chain Barding Armor
55:12 Siege Onager
Connection lost

Rejoining the realm…

Still unreachable

The connection could not be restored.

Session expired

The server has moved on; the page needs a fresh start.